 Dungeon Crawl Stone Soup version 0.25.1-2-g60ff931df9 (webtiles) character file.

Game seed: 5525835956699077965

4557 Delamore the Basher (level 10, -6/56 HPs)
             Began as a Gargoyle Fighter on Aug 16, 2020.
             Was an Elder of Okawaru.
             Mangled by a wolf spider zombie (11 damage)
             ... on level 7 of the Dungeon.
             The game lasted 00:05:31 (6853 turns).

Delamore the Basher (Gargoyle Fighter)              Turns: 6853, Time: 00:05:31

Health: -6/56      AC: 17    Str: 37    XL:     10   Next: 40%
Magic:  10/10      EV:  7    Int:  9    God:    Okawaru [****..]
Gold:   302        SH: 12    Dex:  9    Spells: 9/9 levels left

rFire    . . .     SeeInvis .   a - +0 flail
rCold    . . .     Gourm    .   c - +0 kite shield
rNeg     + . .     Faith    .   v - +0 chain mail
rPois    ∞         Spirit   .   (no helmet)
rElec    +         Reflect  .   y - +0 cloak of Experimentation {+Blink rPois Str+8}
rCorr    .         Harm     .   (no gloves)
MR       .....                  (no boots)
Stlth    ..........             B - amulet of the acrobat
HPRegen  0.18/turn              i - +6 ring of strength
MPRegen  0.12/turn              w - ring of flight

@: studying Long Blades
A: negative energy resistance 1, electricity resistance, unbreathing,
petrification resistance, rot immunity, AC +7
a: Heroism, Renounce Religion, Evoke Blink, Evoke Flight


You were on level 7 of the Dungeon.
You worshipped Okawaru.
Okawaru was greatly pleased with you.
You were not hungry.

You visited 2 branches of the dungeon, and saw 8 of its levels.

You collected 302 gold pieces.

Inventory:

Hand Weapons
 a - a +0 flail (weapon)
Missiles
 h - 6 javelins (quivered)
 r - 21 poisoned darts
Armour
 b - a +0 scale mail
 c - a +0 kite shield (worn)
 v - a +0 chain mail (worn)
 y - the +0 cloak of Experimentation (worn) {+Blink rPois Str+8}
   (You found it on level 5 of the Dungeon)

   It affects your strength (+8).
   It protects you from poison.
   It lets you blink.
Jewellery
 i - a +6 ring of strength (left hand)
 w - a ring of flight (right hand)
 B - an amulet of the acrobat (around neck)
 E - an uncursed amulet of regeneration {unknown}
Wands
 A - a wand of polymorph (7)
Scrolls
 e - 5 scrolls of magic mapping {unknown}
 g - 2 scrolls of amnesia {unknown}
 l - 8 scrolls of teleportation {unknown}
 m - 6 scrolls of identify {unknown}
 n - a scroll of random uselessness {unknown}
 o - 3 scrolls of remove curse {unknown}
 q - 2 scrolls of noise {unknown}
 t - 2 scrolls of immolation {unknown}
Potions
 d - 2 potions of might
 j - 2 potions of cancellation {unknown}
 k - 2 potions of brilliance {unknown}
 p - 2 potions of haste {unknown}
 s - 2 potions of curing {unknown}
 u - 3 potions of heal wounds {unknown}
 x - a potion of magic {unknown}
 C - a potion of invisibility {unknown}
 D - a potion of lignification {unknown}
Books
 z - a manual of Long Blades
Comestibles
 f - 16 rations


   Skills:
 - Level 3.2 Fighting
 + Level 13.4 Maces & Flails
 - Level 3.2 Armour
 + Level 7.0 Shields


You had 9 spell levels left.
You didn't know any spells.
Your spell library was empty.

Dungeon Overview and Level Annotations

Branches:
Dungeon (7/15)             Temple (1/1) D:5

Altars:
Ashenzari
Cheibriados
Dithmenos
Fedhas
Gozag
Hepliaklqana
Kikubaaqudgha
Makhleb
Nemelex Xobeh
Okawaru
Ru
Trog
Yredelemnul


Innate Abilities, Weirdness & Mutations

You are resistant to torment.
Your stone body is resilient. (AC +7)
You are immune to poison.
You resist negative energy. (rN+)
You are resistant to electric shocks. (rElec)
You can survive without breathing.
You are immune to petrification.
You are immune to rotting.


Message History

The centaur warrior zombie hits you but does no damage.
You hit the wolf spider zombie.
The wolf spider zombie is heavily damaged.
The wolf spider zombie hits you but does no damage.
You block the wolf spider zombie's attack.
The centaur warrior zombie hits you but does no damage.
You bludgeon the wolf spider zombie!!
The wolf spider zombie is severely damaged.
The wolf spider zombie hits you but does no damage.
The wolf spider zombie bites you but does no damage.
You block the centaur warrior zombie's attack.
You sock the wolf spider zombie!
The wolf spider zombie is almost destroyed.
The wolf spider zombie hits you!
* * * LOW HITPOINT WARNING * * *
The wolf spider zombie bites you but does no damage.
The centaur warrior zombie hits you.
* * * LOW HITPOINT WARNING * * *
The wolf spider zombie hits you!
You die... ## .$.8.Z.8### #.. .P......8..O #.# P.....Z.5.## #.# ...8...P... #.# ....4.... #.# .#. ...
PZ...

#.####.#... #.####.####
..<...#....#####ZZ.......#
#.####.##.#.....@[....##.##
#.# #.##.#.####$####.....#
#.# #.##.#.# #.# ####..#
#.####.##.#.# #.# #..#
#......##.#.# #.# #..#
######.#....# #.# #..#
#......# #.# #..# #.#...##
#.# #..####### #.##.## #.#
#.........


You could see a wolf spider zombie and a centaur warrior zombie.

Vanquished Creatures
  2 centaur zombies (D:7)
  2 hellwings (D:7)
  Grinder (D:5)
  5 yaks (D:5)
  Menkaure (D:5)
  2 ice beasts
  2 phantoms
  5 ogres
  2 centaurs (D:6)
  2 scorpions
  A wyvern skeleton (D:6)
  A howler monkey (D:5)
  A crimson imp (D:6)
  A bullfrog zombie (D:6)
  2 hounds (D:6)
  4 orc priests
  2 jellies (D:6)
  A bullfrog skeleton (D:6)
  3 centaur skeletons
  An orc wizard (D:7)
  2 worker ants
  A howler monkey skeleton (D:4)
  12 adders
  A gnoll (D:1)
  4 shadow imps
  An adder zombie (D:5)
  An adder skeleton (D:5)
  4 worms
  3 dart slugs
  4 leopard geckos
  15 orcs
  6 giant cockroaches
  11 goblins
  6 hobgoblins
  10 jackals
  5 quokkas
  A ball python (D:2)
  7 bats
  10 frilled lizards
  8 kobolds
  A quokka zombie (D:5)
  8 rats
162 creatures vanquished.

Notes
Turn   | Place    | Note
-------+----------+-------------------------------------------
     0 | D:1      | Delamore the Gargoyle Fighter began the quest for the Orb.
     0 | D:1      | Reached XP level 1. HP: 14/14 MP: 1/1
   116 | D:1      | Reached XP level 2. HP: 13/19 MP: 2/2
   297 | D:1      | Reached skill level 3 in Maces & Flails
   641 | D:1      | Reached XP level 3. HP: 23/23 MP: 3/3
   752 | D:1      | You fall into a shaft and drop 1 floor!
  1103 | D:2      | Found an opulent altar of Gozag.
  1104 | D:2      | Found a sparkling altar of Nemelex Xobeh.
  1191 | D:2      | Reached skill level 4 in Maces & Flails
  1220 | D:2      | Reached XP level 4. HP: 28/28 MP: 4/4
  1961 | D:3      | Found a bloodstained altar of Trog.
  2065 | D:3      | Reached skill level 5 in Maces & Flails
  2080 | D:3      | Reached XP level 5. HP: 31/32 MP: 5/5
  3025 | D:4      | Noticed an ogre
  3038 | D:4      | Killed an ogre
  3038 | D:4      | Reached skill level 6 in Maces & Flails
  3038 | D:4      | Reached XP level 6. HP: 8/37 MP: 6/6
  3045 | D:4      | Found a sacrificial altar of Ru.
  3540 | D:4      | Found a shadowy altar of Dithmenos.
  3540 | D:4      | Found a blossoming altar of Fedhas.
  3541 | D:4      | Found a shattered altar of Ashenzari.
  3713 | D:4      | Reached skill level 7 in Maces & Flails
  4075 | D:5      | Entered Level 5 of the Dungeon
  4079 | D:5      | Noticed a phantom
  4092 | D:5      | Killed a phantom
  4092 | D:5      | Reached XP level 7. HP: 41/41 MP: 7/7
  4093 | D:5      | Found a basalt altar of Yredelemnul.
  4184 | D:5      | Found a staircase to the Ecumenical Temple.
  4186 | D:5      | Noticed Menkaure
  4198 | D:5      | Killed Menkaure
  4198 | D:5      | Reached skill level 8 in Maces & Flails
  4205 | Temple   | Entered the Ecumenical Temple
  4391 | Temple   | Became a worshipper of Warmaster Okawaru
  4448 | D:5      | Noticed a yak
  4449 | D:5      | Noticed a yak
  4449 | D:5      | Noticed a yak
  4449 | D:5      | Noticed a yak
  4450 | D:5      | Noticed a yak
  4469 | D:5      | Killed a yak
  4469 | D:5      | Reached skill level 9 in Maces & Flails
  4469 | D:5      | Reached XP level 8. HP: 35/46 MP: 8/8
  4475 | D:5      | Killed a yak
  4493 | D:5      | Killed a yak
  4493 | D:5      | Reached * piety under Okawaru
  4505 | D:5      | Killed a yak
  4505 | D:5      | Reached skill level 10 in Maces & Flails
  4510 | D:5      | Killed a yak
  4796 | D:5      | Got a shimmering cloak
  4802 | D:5      | Identified the +0 cloak of Experimentation {+Blink rPois
                  | Str+8} (You found it on level 5 of the Dungeon)
  4879 | D:5      | Reached skill level 11 in Maces & Flails
  4986 | D:5      | Reached XP level 9. HP: 51/51 MP: 9/9
  4989 | D:5      | Noticed Grinder
  5051 | D:5      | Killed Grinder
  5051 | D:5      | Reached ** piety under Okawaru
  5407 | D:6      | Reached skill level 12 in Maces & Flails
  6146 | D:6      | Reached *** piety under Okawaru
  6551 | D:7      | Noticed a hellwing
  6588 | D:7      | Killed a hellwing
  6766 | D:7      | Reached skill level 13 in Maces & Flails
  6766 | D:7      | Reached skill level 5 in Shields
  6766 | D:7      | Reached XP level 10. HP: 56/56 MP: 10/10
  6829 | D:7      | Reached **** piety under Okawaru
  6853 | D:7      | Mangled by a wolf spider zombie

Illustrated notes

Levels and vault maps discovered:
D:1:      minmay_arrival_four_circles, layout_loops_cross, minmay_cupped
D:2:      layout_basic, grunt_temple_overflow_opulence, first_ration
D:3:      layout_loops_ring, overflow_temple_1_default
D:4:      layout_loops_ring, nicolae_ru_path_of_blood,
          nicolae_overflow_hidden_temple
D:5:      layout_rooms, lemuel_round_altar, minmay_temple_entry_large_hall,
          uniq_grinder, uniq_menkaure
D:6:      layout_loops_corners, minmay_manual_mess
D:7:      cheibrodos_grave_circle, layout_loops_ring, serial_shops,
          nicolae_shop_competitors_out_of_business, uniq_joseph, uniq_harold
Temple:   compressed_dpeg_triangle_lava_temple

Skill      XL: |  1  2  3  4  5  6  7  8  9 10 |
---------------+-------------------------------+-----
Maces & Flails | 3 4 5 6 7 9 11 13 | 13.4
Shields        | 5 7 |  7.0
Fighting       | |  3.2
Armour         | |  3.2

Action                   |  1- 3 |  4- 6 |  7- 9 | 10-12 || total
-------------------------+-------+-------+-------+-------++-------
Melee: Flail             |   134 |   318 |   285 |    63 ||   800
Throw: Dart              |       |     2 |       |       ||     2
       Javelin           |       |     2 |     6 |       ||     8
  Eat: Chunk             |     1 |    10 |     7 |       ||    18
       Ration            |       |       |       |     1 ||     1
Armor: Scale mail        |    62 |   106 |       |       ||   168
       Chain mail        |       |    82 |   127 |    51 ||   260
Dodge: Dodged            |    49 |   109 |    61 |    21 ||   240
Block: Kite shield       |    63 |   179 |   131 |    53 ||   426
